 Dungeon Crawl Stone Soup version 0.29-a0-819-g94b489e0ae (webtiles) character file.

Game seed: 12146906102139892328

196 xian the Conjurer (level 5, -4/32 HPs)
             Began as an Octopode Conjurer on July 7, 2022.
             Slain by pericles's ghost (11 damage)
             ... on level 3 of the Dungeon.
             The game lasted 00:07:10 (3351 turns).

xian the Conjurer (Octopode Conjurer)               Turns: 3351, Time: 00:07:10

Health: -4/32      AC:  1    Str:  7    XL:     5   Next: 74%
Magic:  5/9        EV: 17    Int: 22    God:
Gold:   58         SH:  0    Dex: 10    Spells: 7/10 levels left

rFire   . . .      SeeInvis .   d - +0 short sword
rCold   . . .      Faith    +   (no shield)
rNeg    . . .      Spirit   .   (helmet restricted)
rPois   .          Reflect  .   i - amulet of faith
rElec   .          Harm     .   g - +4 ring of evasion
rCorr   .          Rampage  .   (no ring)
Will    .....                   (no ring)
Stlth   +++.......              (no ring)
HPRegen 0.10/turn               (no ring)
MPRegen 0.11/turn               (no ring)
                                (no ring)
                                (no ring)

@: studying Axes
A: almost no armour, amphibious, 8 rings, camouflage 1, gelatinous body 1,
(nimble swimmer 1), tentacles
a: no special abilities


You were on level 3 of the Dungeon.
You visited 1 branch of the dungeon, and saw 4 of its levels.

You collected 99 gold pieces.
You spent 41 gold pieces at shops.

Inventory:

Hand Weapons
 d - a +0 short sword (weapon)
Jewellery
 g - a +4 ring of evasion (left tentacle)
 i - an amulet of faith (around mantle)
Scrolls
 j - 2 scrolls of fog
Potions
 b - a potion of flight
 e - a potion of curing {unknown}
 f - 2 potions of mutation {unknown}
 h - 2 potions of degeneration {unknown}
 l - a potion of haste {unknown}


   Skills:
 + Level 0.4 Fighting
 + Level 1.0 Short Blades
 + Level 2.3 Dodging
 + Level 3.7 Stealth
 + Level 3.3 Spellcasting
 + Level 5.3 Conjurations


You had 7 spell levels left.
You knew the following spells:

 Your Spells              Type           Power      Damage    Failure   Level
a - Magic Dart            Conj           100%       1d8       1%          1
b - Searing Ray           Conj           54%        2d6       1%          2

Your spell library contained the following spells:

 Spells                   Type           Power      Damage    Failure   Level
 Dazzling Flash           Conj/Hex       30%        N/A       12%         3
 Inner Flame              Hex/Fire       3%         N/A       36%         3
 Fulminant Prism          Conj/Hex       7%         3d7       36%         4
 Iskenderun's Mystic Bla  Conj/Tloc      15%        2d5       36%         4
 Cause Fear               Hex            1%         N/A       77%         4
 Discord                  Hex            1%         N/A       100%        8


Dungeon Overview and Level Annotations

Branches:
Dungeon (4/15)
 Temple: D:4-7

Altars:

Shops:
D:1 ?*   D:2 ?*=!   D:3 *

Annotations:
D:3 pericles's ghost, amateur MiFi
D:4 3 runed translucent doors, chrisa4242's ghost, weakling OpDe


Innate Abilities, Weirdness & Mutations

You cannot wear most types of armour.
You are amphibious.
You can wear up to eight rings at the same time.
Your skin changes colour to match your surroundings (Stealth+).
Your rubbery body absorbs attacks. (AC +1, EV +1)
((You are camouflaged when in or above water. (Stealth+)))
You have tentacles for arms and can constrict up to eight enemies at once.


Message History

Press: ? - help, Shift-Dir - straight line, f/p - pericles's ghost
Aim: pericles's ghost (blue smoke, moderately damaged, 82% to hit)
The searing ray hits pericles's ghost.
Pericles's ghost is heavily damaged. (Press . to maintain the ray.) Pericles's ghost misses you.
The searing ray hits pericles's ghost.
Pericles's ghost is heavily damaged.
Pericles's ghost hits you.
You hit pericles's ghost but do no damage.
Pericles's ghost is heavily damaged.
Pericles's ghost hits you!
You hit pericles's ghost but do no damage.
You squeeze pericles's ghost, but do no damage.
Pericles's ghost is heavily damaged.
Pericles's ghost completely misses you.
You hit pericles's ghost but do no damage.
Pericles's ghost is heavily damaged.
Pericles's ghost closely misses you.
You completely miss pericles's ghost. You squeeze pericles's ghost.
Pericles's ghost is severely damaged.
Pericles's ghost hits you!
* * * LOW HITPOINT WARNING * * *
Magic courses through your body.
Pericles's ghost hits you but does no damage.
Casting: Searing Ray (safe; 1% risk of failure)
Confirm with . or Enter, or press ? or * to list all spells.
Aiming: Searing Ray (safe; 1% risk of failure)
Press: ? - help, Shift-Dir - straight line, f/p - pericles's ghost
Aim: pericles's ghost (severely damaged, 82% to hit)
The searing ray hits pericles's ghost.
Pericles's ghost is almost destroyed. (Press . to maintain the ray.) Pericles's ghost closely misses you.
The searing ray misses pericles's ghost.
Pericles's ghost completely misses you.
The searing ray hits pericles's ghost.
Pericles's ghost is almost destroyed.
Pericles's ghost hits you!
You die...

#....#.....##.≈.≈§#≈##.>.# #.....
#....#.....##§.#§8..##...# #.....
#....#.....#..§§§..#*#...###.....
.....#.#...####§§### #...#.......
##...#.#.#.....§...# #...#.......
##...#.#.#.....§§..###...#.....##
.....#...#.....................#
###..#####......W#####...#.....#
................@# #.........#
...#.[.####......# #.###....##
.......# ####.#######.# ######
####...# #.# #.....# #...#
#####.###'##### #...#
#...........# #...# #...........#
#...# #...........# #...#
#...........#


You could see pericles's ghost.

Vanquished Creatures
  Natasha (thrice) (D:3)
  Robin (D:3)
  4 adders
  A worm (D:2)
  A dart slug (D:3)
  An orc (D:3)
  7 endoplasms
  11 goblins
  7 hobgoblins
  6 jackals
  3 quokkas
  4 ball pythons
  9 bats
  2 kobolds
  5 rats (D:1)
65 creatures vanquished.

Vanquished Creatures (others)
  A fungus (D:4)
  2 plants (D:4)
3 creatures vanquished.

Grand Total: 68 creatures vanquished

Notes
Turn   | Place    | Note
-------+----------+-------------------------------------------
     0 | D:1      | xian the Octopode Conjurer began the quest for the Orb.
     0 | D:1      | Reached XP level 1. HP: 11/11 MP: 3/3
   196 | D:1      | Found a faded altar of an unknown god.
   268 | D:1      | Found Pylo's Assorted Antiques.
   273 | D:1      | Reached XP level 2. HP: 17/17 MP: 3/5
   276 | D:1      | Learned a level 2 spell: Searing Ray
   606 | D:1      | Found Rurr's Magic Scroll Boutique.
   643 | D:1      | Bought a scroll of identify for 20 gold pieces
  1082 | D:2      | Reached XP level 3. HP: 18/21 MP: 0/6
  1091 | D:2      | Found Coetad's Magic Scroll Emporium.
  1307 | D:2      | Found Poishef's General Store.
  1338 | D:2      | Found Hoch's Distillery.
  1400 | D:2      | Found Ismaock's Jewellery Emporium.
  1857 | D:3      | Reached XP level 4. HP: 23/27 MP: 2/7
  2012 | D:4      | Found a runed translucent gate.
  2012 | D:4      | Found a runed translucent gate.
  2012 | D:4      | Found a runed translucent gate.
  2013 | D:4      | Noticed a kobold brigand
  2017 | D:4      | Noticed chrisa4242's ghost (weakling OpDe)
  2146 | D:3      | Found Sidgho's Assorted Antiques.
  2169 | D:3      | Bought a scroll labelled SOWKENY YDAY for 21 gold pieces
  2214 | D:3      | Reached skill level 5 in Conjurations
  2283 | D:3      | Noticed Robin
  2288 | D:3      | Killed Robin
  2460 | D:3      | Found a large runed translucent door.
  2460 | D:3      | Found a large runed translucent door.
  2465 | D:3      | Noticed pericles's ghost (amateur MiFi)
  2473 | D:3      | Noticed Natasha
  2478 | D:3      | Killed Natasha
  2479 | D:3      | Reached XP level 5. HP: 26/31 MP: 3/9
  2490 | D:3      | Noticed Natasha
  2495 | D:3      | Killed Natasha
  2950 | D:3      | Noticed Natasha
  2962 | D:3      | Killed Natasha
  2963 | D:3      | Reached skill level 1 in Short Blades
  3351 | D:3      | Slain by pericles's ghost

Illustrated notes

Levels and vault maps discovered:
D:1:      grunt_arrival_lava_bath, layout_basic, serial_shops, shop,
          nicolae_shop_overgrown_old_shop, nicolae_ecumenical_lake_church
D:2:      layout_rooms, serial_shops, shop, shop, nicolae_shop_crystal,
          nicolae_shop_crystal
D:3:      layout_basic, ebering_ghost_disaster_area, serial_shops,
          nicolae_shop_hallway_plus, uniq_robin, uniq_natasha
D:4:      layout_basic, mainiacjoe_overflow_tiny_flanked,
          overflow_temple_1_default, mainiacjoe_overflow_chevrons,
          gammafunk_ghost_nasty_kobolds, roderic_filled_cross, abandoned_shop

Skill      XL: |  1  2  3  4  5 |
---------------+----------------+-----
Stealth        | 3 |  3.7
Conjurations   | 5 |  5.3
Spellcasting   | 3 |  3.3
Short Blades   | 1 |  1.0
Fighting       | |  0.4
Dodging        | |  2.3

Action                   |  1- 3 |  4- 6 || total
-------------------------+-------+-------++-------
Melee: Short sword       |     5 |    29 ||    34
       Constrict         |     1 |     7 ||     8
       Tentacles         |       |     4 ||     4
 Cast: Magic Dart        |    61 |    41 ||   102
       Searing Ray       |     1 |    10 ||    11
  Use: Scroll            |     4 |     5 ||     9
       Potion            |       |     2 ||     2
Armor: Skin              |       |     2 ||     2
Dodge: Dodged            |     9 |    34 ||    43

Table legend: (Time is in decaauts)
 A = Elapsed time spent in this place.
 B = Non-inter-level travel time spent in this place.
 C = Inter-level travel time spent in this place.
 D = Time resting spent in this place.
 E = Time spent auto-exploring this place.
 F = Levels seen in this place.
 G = Mean time per level.
                   A        B        C        D        E       F      G
               +--------+--------+--------+--------+--------+-----+--------+
         Total |   3361 |   3320 |     41 |     52 |   2836 |   4 |  840.2 |
       Dungeon |   3361 |   3320 |     41 |     52 |   2836 |   4 |  840.2 |
               +--------+--------+--------+--------+--------+-----+--------+

Top non-repeatable levels by time:
     D:3: 1630 daAuts
     D:1: 994 daAuts
     D:2: 649 daAuts
     D:4: 87 daAuts
